 Dungeon Crawl Stone Soup version 0.21-a0-518-g43a1781 (webtiles) character file.

954 4thArraOfDagon the Chopper (level 7, -6/63 HPs)
             Began as a Minotaur Abyssal Knight on Dec 4, 2017.
             Was a Priest of Lugonu.
             Mangled by a mummy (14 damage)
             ... in an ossuary.
             The game lasted 00:08:18 (2180 turns).

4thArraOfDagon the Chopper (MiAK)                   Turns: 2180, Time: 00:08:20

Health: -6/63      AC:  7    Str: 16    XL:     7   Next: 90%
Magic:  9/9        EV: 12    Int: 11    God:    Lugonu [***...]
Gold:   326        SH:  0    Dex: 14    Spells: 6/6 levels left

rFire    . . .     SeeInvis .   j - +0 broad axe
rCold    . . .     Gourm    .   (no shield)
rNeg     . . .     Faith    .   k - +0 ring mail
rPois    .         Spirit   .   (helmet restricted)
rElec    .         Reflect  .   (no cloak)
rCorr    +         Harm     .   (no gloves)
MR       .....                  y - +0 pair of boots
Stlth    +.........             (no amulet)
HPRegen  0.20/turn              s - +4 ring of dexterity
MPRegen  0.11/turn              l - ring of resist corrosion

@: no status effects
A: retaliatory headbutt, horns 2
a: Depart the Abyss, Bend Space, Banish, Renounce Religion


You were in an ossuary.
You worshipped Lugonu.
Lugonu was most pleased with you.
You were not hungry.

You visited 1 branch of the dungeon, and saw 6 of its levels.
You visited the Abyss 1 time.
You also visited: Ossuary.

You collected 326 gold pieces.

Inventory:

Hand Weapons
 a - a +1 hand axe
 j - a +0 broad axe (weapon)
 m - a +0 war axe
Armour
 b - a +0 leather armour
 k - a +0 ring mail (worn)
 t - a +2 shield
 y - a +0 pair of boots (worn)
Jewellery
 i - an uncursed ring of ice
 l - a ring of resist corrosion (right hand)
 r - an uncursed ring of loudness
 s - a +4 ring of dexterity (left hand)
 C - a -3 ring of protection
 F - an uncursed ring of flight {unknown}
Wands
 n - a wand of paralysis (16)
 p - a wand of digging (10)
 B - a wand of iceblast (7)
Scrolls
 d - 4 scrolls of remove curse
 e - 2 scrolls of identify
 g - a scroll of blinking
 A - 2 scrolls of noise
 D - a scroll of teleportation
 G - 2 scrolls of amnesia {unknown}
 H - a scroll of silence {unknown}
 J - a scroll of acquirement {unknown}
Potions
 f - 4 potions of curing
 o - a potion of agility
 q - a potion of cancellation {unknown}
 u - a potion of magic {unknown}
 v - 2 potions of resistance {unknown}
 w - a potion of degeneration {unknown}
 x - a potion of haste {unknown}
 z - a potion of brilliance
 E - a potion of heal wounds {unknown}
 I - a potion of mutation {unknown}
 K - a potion of ambrosia
Comestibles
 c - 4 bread rations
 h - 2 meat rations


   Skills:
 + Level 6.0 Fighting
 * Level 7.4 Axes
 - Level 4.0 Armour
 - Level 3.0 Dodging
 + Level 4.3 Invocations


You had 6 spell levels left.
You didn't know any spells.

Dungeon Overview and Level Annotations

Branches:
Dungeon (6/15)             Temple (0/1) D:4

Altars:
Cheibriados
Dithmenos
Zin

Annotations:
D:4 Eustachio


Innate Abilities, Weirdness & Mutations

You reflexively headbutt those who attack you in melee.
You have a pair of horns on your head.


Message History

The mummy is moderately damaged.
The mummy hits you!
You are too injured to fight recklessly!
You are too injured to fight recklessly!
You are too injured to fight recklessly!
You are too injured to fight recklessly!
You slice the mummy!!
You destroy the mummy!
Lugonu accepts your kill.
Unknown command.
Unknown command.
You barely miss the mummy. The mummy hits you!
* * * LOW HITPOINT WARNING * * *
You slash the mummy! Your headbutt misses the mummy.
The mummy is severely damaged.
Unknown command.
You closely miss the mummy.
The mummy is severely damaged.
The mummy hits you!
You die...

#### #∩.. #... #..#
#..# #..#
#######+### #.M#
#....#....#...
#.@###....#....#...
#..'.'....#....#...
#..#.#.........#...
#..#.####......#...
#..###.............
#..+ #.............
#..# +.............
#..# #.............
#.. ######....∩...


You could see a mummy.

Vanquished Creatures
  Menkaure (Ossuary)
  A scorpion (D:5)
  2 howler monkeys (D:4)
  5 centaur zombies (Ossuary)
  2 hounds
  A jelly (D:5)
  A bullfrog skeleton (D:4)
  An iron imp (D:5)
  Jessica (D:3)
  Ijyb (D:3)
  3 worker ants
  A big kobold zombie (Ossuary)
  5 mummies (Ossuary)
  A gnoll (D:4)
  12 adders
  A shadow imp (D:5)
  2 oozes
  3 adder zombies (Ossuary)
  An adder skeleton (D:4)
  3 worms
  An orc (D:3)
  2 ball pythons
  7 bats
  5 hobgoblins
  9 jackals
  2 quokkas
  3 frilled lizards
  4 goblins
  A hobgoblin zombie (Ossuary)
  5 kobolds
  A kobold zombie (Ossuary)
  A leopard gecko skeleton (D:5)
  An orc zombie (Ossuary)
  4 quokka zombies (Ossuary)
  8 rats
102 creatures vanquished.

Notes
Turn   | Place    | Note
-------+----------+-------------------------------------------
     0 | Abyss:1  | 4thArraOfDagon the Minotaur Abyssal Knight began the quest for the Orb.
     0 | Abyss:1  | Reached XP level 1. HP: 19/19 MP: 1/1
    31 | Abyss:1  | Found a stormy altar of Qazlal.
    34 | Abyss:1  | Noticed a thrashing horror
    36 | D:1      | Escaped the Abyss
    91 | D:1      | Reached XP level 2. HP: 27/27 MP: 2/2
   100 | D:1      | Reached * piety under Lugonu
   189 | D:2      | Reached skill level 3 in Axes
   257 | D:1      | Reached XP level 3. HP: 26/33 MP: 3/3
   407 | D:2      | Found a glowing silver altar of Zin.
   612 | D:3      | Reached XP level 4. HP: 29/40 MP: 4/4
   657 | D:3      | Noticed Ijyb
   659 | D:3      | Found a faded altar of an unknown god.
   665 | D:3      | Reached ** piety under Lugonu
   673 | D:3      | Killed Ijyb
   673 | D:3      | Reached skill level 4 in Axes
   744 | D:3      | Noticed Jessica
   754 | D:3      | Killed Jessica
   804 | D:3      | Reached XP level 5. HP: 24/46 MP: 5/5
   978 | D:4      | Found a shadowy altar of Dithmenos.
  1010 | D:4      | Reached XP level 6. HP: 31/53 MP: 7/7
  1101 | D:4      | Reached skill level 5 in Axes
  1329 | D:4      | Noticed Eustachio
  1347 | D:5      | Entered Level 5 of the Dungeon
  1349 | D:5      | Found a snail-covered altar of Cheibriados.
  1401 | D:5      | Reached skill level 5 in Fighting
  1578 | D:4      | Found a staircase to the Ecumenical Temple.
  1600 | D:4      | Reached XP level 7. HP: 34/61 MP: 8/8
  1662 | D:5      | Reached skill level 6 in Axes
  1800 | D:6      | Found a sand-covered staircase.
  1803 | Ossuary  | Entered an ossuary
  1931 | Ossuary  | Noticed Menkaure
  1953 | Ossuary  | Killed Menkaure
  1953 | Ossuary  | Reached skill level 7 in Axes
  1958 | Ossuary  | Reached *** piety under Lugonu
  2180 | Ossuary  | Mangled by a mummy

Vault maps used:
D:1:      evilmike_arrival_hilbert_curve
D:2:      old_standard_altar, first_bread, nemelex_dance_club_becter
D:3:      chequers_ecumenical_altar_island, grunt_ministairs_1, uniq_ijyb,
          uniq_jessica
D:4:      cheibrodos_old_hovel, temple_green, portal_sewer_entry_e,
          nicolae_dithmenos_the_darkroom, uniq_eustachio
D:5:      old_standard_altar, slow_altar_1, serial_shops, nicolae_shop_crystal,
          uniq_crazy_yiuf_cottage
D:6:      okawaru_gym_becter, gammafunk_temple_overflow_pools,
          lightli_ossuary_entry_decrepit_ruins, serial_shops,
          nicolae_shop_behind_doors, uniq_blork_the_orc
Ossuary:  ossuary_boxes_badplayer

Skill      XL: |  1  2  3  4  5  6  7 |
---------------+----------------------+-----
Axes           | 3 4 5 7 |  7.4
Invocations    | 2 3 4 |  4.3
Armour         | 3 4 |  4.0
Fighting       | 4 5 6 |  6.0
Dodging        | 2 3 |  3.0

Action                   |  1- 3 |  4- 6 |  7- 9 || total
-------------------------+-------+-------+-------++-------
Melee: Hand axe          |    70 |       |       ||    70
       Headbutt          |     9 |    19 |    15 ||    43
       War axe           |    12 |    97 |       ||   109
       Broad axe         |       |    13 |    88 ||   101
Invok: Depart the Abyss  |     1 |       |       ||     1
  Use: Scroll            |       |     7 |       ||     7
       Potion            |       |     4 |     1 ||     5
  Eat: Chunk             |       |     2 |     2 ||     4
       Royal jelly       |       |       |     1 ||     1
Armor: Leather armour    |     9 |       |       ||     9
       Ring mail         |     6 |    33 |    18 ||    57
       Skin              |       |    13 |    12 ||    25
Dodge: Dodged            |    56 |    75 |    47 ||   178

Table legend:
 A = Spawn XP
 B = Non-spawn XP
 C = Spawn XP percentage of total XP
 D = Spawn monster count
 E = Non-spawn monster count
 F = Spawn count percentage of total count
 G = Total turns spent on level
                    A         B        C        D         E        F      G
               +---------+---------+-------+---------+---------+-------+---------
         Total |       0 |    1363 |   0.0 |       0 |     102 |   0.0 |  2180
               +---------+---------+-------+---------+---------+-------+---------
           D:1 |       0 |      33 |   0.0 |       0 |      20 |   0.0 |   246
           D:2 |       0 |      53 |   0.0 |       0 |      15 |   0.0 |   319
           D:3 |       0 |     142 |   0.0 |       0 |      17 |   0.0 |   328
           D:4 |       0 |     330 |   0.0 |       0 |      16 |   0.0 |   491
           D:5 |       0 |     265 |   0.0 |       0 |      11 |   0.0 |   330
           D:6 |       0 |      13 |   0.0 |       0 |       1 |   0.0 |    53
       Ossuary |       0 |     527 |   0.0 |       0 |      22 |   0.0 |   377
               +---------+---------+-------+---------+---------+-------+---------
